 Dungeon Crawl Stone Soup version 0.29-a0-22-gbf593b16ee (webtiles) character file.

Game seed: 1446510120466352199

47 issech the Cudgeller (level 3, 0/36 HPs)
             Began as a Troll Monk on Jan 29, 2022.
             Killed from afar by an orc wizard (6 damage)
             ... with a magic dart
             ... on level 1 of the Dungeon.
             The game lasted 00:03:31 (730 turns).

issech the Cudgeller (Troll Monk)                    Turns: 730, Time: 00:03:32

Health: 0/36       AC:  4    Str: 19    XL:     3   Next: 48%
Magic:  2/2        EV: 10    Int:  6    God:
Gold:   10         SH:  0    Dex: 14    Spells: 2/2 levels left

rFire   . . .      SeeInvis .   a - +0 mace
rCold   . . .      Faith    .   (no shield)
rNeg    . . .      Spirit   .   b - +0 robe
rPois   .          Reflect  .   (helmet restricted)
rElec   .          Harm     .   (no cloak)
rCorr   .          Rampage  .   (gloves unavailable)
Will    .....                   (boots unavailable)
Stlth   ++........              (no amulet)
HPRegen 0.92/turn               (no ring)
MPRegen 0.08/turn               (no ring)

@: no status effects
A: large, unfitting armour, claws 3, regeneration 1, shaggy fur 1, tough skin 1
a: no special abilities


You were on level 1 of the Dungeon.
You visited 1 branch of the dungeon, and saw 2 of its levels.

You collected 10 gold pieces.

Inventory:

Hand Weapons
 a - a +0 mace (weapon)
 f - a +0 dagger of flaming
Missiles
 d - 51 stones (quivered)
Armour
 b - a +0 robe (worn)
Magical Staves
 h - a staff of poison
Wands
 i - a wand of paralysis (8)
Scrolls
 e - a scroll of fog {unknown}
 g - a scroll of identify {unknown}
Potions
 c - a potion of mutation {unknown}


   Skills:
 + Level 2.7 Fighting
 + Level 3.4 Maces & Flails
 + Level 2.8 Dodging
 + Level 1.1 Stealth


You had 2 spell levels left.
You didn't know any spells.
Your spell library was empty.

Dungeon Overview and Level Annotations

Branches:
Dungeon (2/15)

Altars:


Innate Abilities, Weirdness & Mutations

You are too large for most types of armour.
You have claws for hands.
Your natural rate of healing is unusually fast.
You are covered in fur. (AC +1)
You have tough skin. (AC +1)


Message History

The quokka barely misses you.
You hit the quokka.
The quokka is moderately wounded.
The quokka bites you.
The orc wizard hits you with a +0 dagger.
You hear some strange, mumbled words.
A puff of flame appears from out of thin air!
The puff of flame hits you!
* * * LOW HITPOINT WARNING * * *
The orc wizard hits you with a +0 dagger.
* * * LOW HITPOINT WARNING * * *
The quokka bites you but does no damage.
The orc wizard casts a spell at you. You resist with significant effort.
Something hits you but does no damage.
The orc wizard mumbles some strange words.
The orc wizard flickers and vanishes!
Something hits you.
The quokka bites you but does no damage.
There is a stone staircase leading up here.
The quokka barely misses you.
You climb upwards.
Reactivating autopickup.
There is a stone staircase leading down here.
You barely miss the quokka. The quokka bites you. Something hits you.
Deactivating autopickup; reactivate with Ctrl-A.
You hit the quokka.
You kill the quokka!
You hear some strange, mumbled words.
A magic dart appears from out of thin air!
The magic dart hits you.
* * * LOW HITPOINT WARNING * * *
Something hits you.
* * * LOW HITPOINT WARNING * * *
You see here a quokka corpse.
You barely miss something. Something hits you.
* * * LOW HITPOINT WARNING * * *
You hit something but do no damage.
You hear some strange, mumbled words.
A magic dart appears from out of thin air!
The magic dart hits you.
You die...

#.#.......♣...#.PP.♣♣..#
#.#.......'.8.'...._♣..#
#.#.......♣...#.PPP♣♣..#
###.##......#...#.♣P♣♣...#
###...........#####..♣♣..###
....#.#........♣÷♣♣P♣♣..##
#####.#........♣♣♣♣♣♣..## #
#.#...............## ##
#.#.........@>#..###
.####.#...#<#....{.....#
...##.##..###..........#
##.##.###......#.......#
##....##################
#.........# #.........#
#.........# #.........#


There were no monsters in sight!

Vanquished Creatures
  An adder (D:1)
  4 ball pythons (D:1)
  3 bats (D:1)
  4 endoplasms
  3 goblins (D:1)
  3 hobgoblins (D:1)
  3 jackals (D:1)
  A quokka (D:1)
  3 frilled lizards (D:1)
  4 kobolds (D:1)
  4 rats (D:1)
33 creatures vanquished.

Notes
Turn   | Place    | Note
-------+----------+-------------------------------------------
     0 | D:1      | issech the Troll Monk began the quest for the Orb.
     0 | D:1      | Reached XP level 1. HP: 22/22 MP: 0/0
   193 | D:1      | Reached XP level 2. HP: 26/29 MP: 1/1
   213 | D:1      | Reached skill level 3 in Maces & Flails
   474 | D:1      | Reached XP level 3. HP: 28/36 MP: 2/2
   622 | D:1      | Found a faded altar of an unknown god.
   730 | D:1      | Killed from afar by an orc wizard

Illustrated notes

Levels and vault maps discovered:
D:1:      saegor_arrival_simple_a, layout_rooms,
          dilly_ecumenical_altar_fadedgnrine, nicolae_figureground_sparkle
D:2:      layout_rooms, minivault_25, hangedman_decor_clover_reticule,
          minmay_misc_feat_encased

Skill      XL: |  1  2 |
---------------+-------+-----
Maces & Flails | 3 |  3.4
Fighting       | |  2.7
Dodging        | |  2.8
Stealth        | |  1.1

Action                   || total
-------------------------++-------
Melee: Mace              ||    98
 Stab: Sleeping          ||     2
Armor: Robe              ||    64
Dodge: Dodged            ||    76

Table legend: (Time is in decaauts)
 A = Elapsed time spent in this place.
 B = Non-inter-level travel time spent in this place.
 C = Inter-level travel time spent in this place.
 D = Time resting spent in this place.
 E = Time spent auto-exploring this place.
 F = Levels seen in this place.
 G = Mean time per level.
                   A        B        C        D        E       F      G
               +--------+--------+--------+--------+--------+-----+--------+
         Total |    754 |    754 |      0 |      0 |    276 |   2 |  377.0 |
       Dungeon |    754 |    754 |      0 |      0 |    276 |   2 |  377.0 |
               +--------+--------+--------+--------+--------+-----+--------+

Top non-repeatable levels by time:
     D:1: 695 daAuts
     D:2: 58 daAuts
